 Dungeon Crawl Stone Soup version 0.31-a0-881-ge136f0c47a (webtiles) character file.

Game seed: 3567846175791452591

127959 mortress the Metamorph (level 17, -12/166 HPs)
             Began as a Merfolk Shapeshifter on Oct 15, 2023.
             Was a High Priest of Wu Jian.
             Mangled by a merfolk impaler
             ... wielding a +0 trident
              (21 damage)
             ... on level 3 of the Shoals.
             The game lasted 01:29:51 (20937 turns).

mortress the Metamorph (Merfolk Shapeshifter)      Turns: 20937, Time: 01:29:52

Health: -12/166    AC: 13    Str: 33    XL:     17   Next: 2%
Magic:  26/26      EV: 16    Int: 10    God:    Wu Jian [*****.]
Gold:   1933       SH:  0    Dex: 13    Spells: 22/28 levels left

rFire   . .          .
                       - Unarmed
rCold   . . .        (shield currently unavailable)
rNeg    . . .        v - melded +3 leather armour of the Vestibule of Hell {rF+}
rPois   +            U - melded +0 hat {Stlth+}
rElec   .            (cloak currently unavailable)
rCorr   .            (gloves currently unavailable)
SInv    .            (boots currently unavailable)
Will    +....        j - amulet of regeneration
Stlth   +            l - +6 ring of strength
HPRegen 1.27/turn    i - ring of poison resistance
MPRegen 0.20/turn

%: no passive effects
@: exhausted, snake-form
A: constrict, boosted hp, large, (nimble swimmer 2), (mertail)
a: Begin Untransformation, Renounce Religion, Wall Jump, Serpent's Lash,
Heavenly Storm


You were on level 3 of the Shoals.
You worshipped Wu Jian.
Wu Jian was extremely pleased with you.
You were an enormous anaconda.
You visited 5 branches of the dungeon, and saw 22 of its levels.
You visited 1 bazaar.
You also visited: Ossuary and Gauntlet.

You collected 2784 gold pieces.
You spent 851 gold pieces at shops.

Inventory:

Missiles
 f - 7 throwing nets
 n - 13 poisoned darts
 X - 4 atropa-tipped darts
Armour
 v - the +3 leather armour of the Vestibule of Hell (melded) {rF+}
   (You found it on level 4 of the Dungeon)

   rF+:       It protects you from fire.
 x - a +2 cloak
 U - a +0 hat of stealth (melded)
Jewellery
 i - a ring of poison resistance (right hand)
 j - an amulet of regeneration (around neck)
 l - a +6 ring of strength (left hand)
 S - a +6 ring of dexterity
Talismans
 w - a serpent talisman (active)
Wands
 c - a wand of flame (12) (quivered)
 k - a wand of polymorph (4)
 J - a wand of charming (11)
 T - a wand of quicksilver (13)
 V - a wand of iceblast (12)
Scrolls
 a - 3 scrolls of revelation {unknown}
 d - a scroll of brand weapon {unknown}
 g - 5 scrolls of poison
 h - 5 scrolls of vulnerability
 m - 2 scrolls of enchant armour {unknown}
 r - 14 scrolls of teleportation
 s - 4 scrolls of amnesia {unknown}
 t - 3 scrolls of immolation {unknown}
 u - 3 scrolls of butterflies {unknown}
 y - 3 scrolls of noise {unknown}
 F - 4 scrolls of fear
 H - 2 scrolls of torment {unknown}
 K - 3 scrolls of blinking
 L - 3 scrolls of fog
 Z - 2 scrolls of enchant weapon
Potions
 b - 3 potions of invisibility
 e - 5 potions of mutation
 q - 3 potions of brilliance
 z - 3 potions of ambrosia
 A - 9 potions of haste
 B - 3 potions of might
 C - 4 potions of curing
 D - a potion of lignification
 E - 3 potions of enlightenment
 M - 5 potions of magic
 N - a potion of cancellation
 Q - a potion of resistance
 R - 2 potions of berserk rage
 W - a potion of heal wounds
 Y - 3 potions of attraction
Miscellaneous
 G - a lightning rod (4/4)


   Skills:
 + Level 14.1 Fighting
 + Level 14.9 Dodging
 - Level 10.0 Shields
 + Level 14.2 Unarmed Combat
 - Level 6.0 Spellcasting
 + Level 6.0 Summonings
 + Level 9.0 Evocations
 + Level 16.4 Shapeshifting


You had 22 spell levels left.
You knew the following spells:

 Your Spells              Type           Power      Damage    Failure   Level
a - Call Canine Familiar  Summ           15%        N/A       4%          3
b - Summon Guardian Gole  Hex/Summ       9%         N/A       19%         3

Your spell library contained the following spells:

 Spells                   Type           Power      Damage    Failure   Level
 Foxfire                  Conj/Fire      12%        2x1d4     21%         1
 Necrotise                Necr           12%        1d4       21%         1
 Slow                     Hex            12%        N/A       21%         1
 Sting                    Tmut/Pois      12%        1d3       21%         1
 Blink                    Tloc           6%         N/A       30%         2
 Ensorcelled Hibernation  Hex/Ice        6%         N/A       30%         2
 Lesser Beckoning         Tloc           6%         N/A       30%         2
 Momentum Strike          Conj/Tloc      6%         3d8       30%         2
 Poisonous Vapours        Pois/Air       6%         N/A       30%         2
 Confusing Touch          Hex            3%         N/A       52%         3
 Ignite Poison            Fire/Tmut/Pois 3%         N/A       52%         3
 Inner Flame              Hex/Fire       3%         N/A       52%         3
 Sigil of Binding         Hex            3%         N/A       52%         3
 Tukima's Dance           Hex            3%         N/A       52%         3
 Vampiric Draining        Necr           3%         2d6       52%         3
 Dimensional Bullseye     Hex/Tloc       1%         N/A       90%         4
 Fulminant Prism          Conj/Hex       1%         3d5       90%         4
 Iskenderun's Mystic Bla  Conj/Tloc      3%         2d3       90%         4
 Leda's Liquefaction      Hex/Erth       1%         N/A       90%         4
 Olgreb's Toxic Radiance  Pois           3%         N/A       90%         4
 Sticky Flame             Conj/Fire      3%         2d3       90%         4
 Agony                    Necr           3%         N/A       99%         5
 Yara's Violent Unravell  Hex/Tmut       1%         3d3       99%         5
 Plasma Beam              Fire/Air       1%         2x1d11    100%        6
 Starburst                Conj/Fire      1%         6d3       100%        6
 Enfeeble                 Hex            1%         N/A       100%        7
 Orb of Destruction       Conj           1%         9d5       100%        7
 Spellforged Servitor     Conj/Summ      4%         N/A       100%        7
 Ignition                 Fire           1%         3d3       100%        8


Dungeon Overview and Level Annotations

Branches:
Dungeon (11/15)            Temple (1/1) D:4            Lair (5/5) D:9
 Shoals (3/4) Lair:3       Spider (0/4) Lair:2        Slime (0/5) Lair:5
    Orc (2/2) D:9             Elf (0/3) Orc:2       Ossuary (visited)
Gauntlet (visited)

Altars:
Ashenzari
Cheibriados
Dithmenos
Elyvilon
Fedhas
Gozag
Hepliaklqana
Kikubaaqudgha
Makhleb
Nemelex Xobeh
Okawaru
Qazlal
Ru
Sif Muna
Trog
Uskayaw
Vehumet
Wu Jian
Xom
Yredelemnul
Zin
The Shining One
Jiyva

Shops:
D:3 :*   D:6 :?   D:7 *   Orc:2 [*(?   Shoals:1 *

Portals:
Hell: Lair:5

Annotations:
D:4 2 runed translucent doors, arthad's ghost, amateur DjSh
D:8 exclusion: statue
Lair:5 3 runed translucent doors, zenocrate's ghost, journeyman KoEn


Innate Abilities, Weirdness & Mutations

You are an enormous anaconda.
You have a powerful constriction melee attack.
Your maximum health is increased.
Your armour is entirely melded.
You are incapable of wielding weapons or throwing items.
((You are very nimble when in or above water. (Stealth+, EV+, Speed+++)))
((Your lower body shifts to a powerful aquatic tail in water.))


Message History

You lash the merfolk!
The merfolk is heavily wounded.
You constrict the merfolk!
The merfolk impaler hits you but does no damage.
The merfolk hits you with a +0 halberd! The merfolk barely misses you.
The merfolk impaler completely misses you.
You crush the merfolk impaler!!!
The merfolk impaler is almost dead.
You feel yourself speed up.
You constrict the merfolk. The merfolk barely misses you.
The merfolk hits you with a +0 halberd!
The merfolk impaler hits you with a +0 trident!
You hit the merfolk.
The merfolk is lightly wounded.
You constrict the merfolk. The merfolk impaler closely misses you.
The merfolk closely misses you.
The merfolk hits you with a +1 spear of freezing.
The merfolk freezes you.
The merfolk impaler hits you but does no damage.
You barely miss the merfolk impaler.
The merfolk impaler is almost dead.
You constrict the merfolk.
The merfolk impaler hits you with a +0 trident!
The merfolk hits you with a +0 halberd!
* * * LOW HITPOINT WARNING * * *
The merfolk hits you with a +1 spear of freezing!
* * * LOW HITPOINT WARNING * * *
The merfolk freezes you!
* * * LOW HITPOINT WARNING * * *
You feel much better.
You constrict the merfolk!
You kill the merfolk!
The Council accepts your kill.
The merfolk impaler hits you with a +0 trident!
* * * LOW HITPOINT WARNING * * *
The merfolk hits you with a +1 spear of freezing!!
* * * LOW HITPOINT WARNING * * *
The merfolk freezes you.
* * * LOW HITPOINT WARNING * * *
The merfolk impaler hits you with a +0 trident!!
You die...

~~~~..........#
~~~~~~~..........#
##########+##......
#......... #...~~~
+......... #...~..
#......... #.....#
#.$....... #....##
#mm)...... #......
##S#######+##~.....
#~~~~~~~~~~~~~≈#≈≈≈
#~≈≈≈≈≈≈≈≈≈≈≈≈≈≈≈≈≈
#~≈≈≈≈≈≈≈≈≈≈≈≈≈≈≈≈≈
#~≈≈≈≈≈≈≈≈≈≈≈≈≈≈≈≈≈
#~[~~~~~~~.~~.≈≈~~~
###+####'##########~..~≈~
#.........#...#...#....~.
#.........#...#...#....~.


You could see a merfolk impaler and a merfolk.

Vanquished Creatures
  Rupert (Orc:2)
  Gastronok (D:8)
  Polyphemus (Shoals:1)
  2 orc warlords (Orc:1)
  A minotaur (Gauntlet)
  Josephine (Lair:3)
  4 merfolk impalers
  Harold (D:9)
  6 hydras
  5 centaur warriors
  4 catoblepae
  Erica (Orc:1)
  2 two-headed ogres
  2 death yaks
  An orc high priest (Orc:2)
  Urug (Orc:1)
  A sixfirhy (Lair:5)
  A pharaoh ant (Lair:2)
  4 skysharks
  2 glowing orange brains (Gauntlet)
  4 sea snakes
  A wizard (Lair:5)
  14 harpies
  A deep elf pyromancer (D:9)
  8 orc knights
  A phantasmal warrior (Lair:5)
  2 ugly things (Gauntlet)
  2 orc sorcerers (Orc:1)
  6 manticores
  9 fauns
  A cyclops (Shoals:3)
  19 elephants
  5 orange demons
  6 merfolk sirens
  2 water nymphs
  10 black mambas
  Jeremiah (D:9)
  10 cane toads
  A smoke demon (Lair:5)
  7 rime drakes
  8 komodo dragons
  An ice devil (Lair:5)
  2 trolls (D:10)
  12 merfolk
  A queen bee (Gauntlet)
  7 wind drakes
  5 red devils
  A polar bear (Lair:4)
  A tarantella (Lair:2)
  5 hornets
  9 dream sheep
  8 blink frogs
  A shadow (D:11)
  5 snapping turtles
  2 water elementals (Shoals:2)
  A human (Lair:5)
  A jumping spider (Lair:2)
  3 wraiths (Lair:3)
  66 yaks
  4 basilisks
  A redback (Lair:2)
  5 wyverns
  A steam dragon (D:9)
  4 vampire mosquitoes (D:10)
  6 wargs
  19 water moccasins
  An acid dragon (D:9)
  Duvessa (D:5)
  4 hell hounds (Lair:5)
  45 orc warriors
  2 black bears
  6 ogres
  13 wolves
  14 centaurs
  A phantom (D:6)
  14 bullfrogs
  2 gnoll sergeants
  13 scorpions
  10 wights
  Dowan (D:5)
  18 killer bees
  3 electric eels
  A howler monkey (D:6)
  2 centaur zombies (Ossuary)
  A lava snake (D:7)
  2 human zombies (Ossuary)
  A jelly (D:8)
  10 orc priests
  A gnoll bouda (D:9)
  5 hounds
  Natasha (thrice) (D:1)
  8 scorpion zombies (Ossuary)
  3 iguanas
  15 orc wizards
  2 sleepcaps (D:5)
  3 mummies (Ossuary)
  18 gnolls
  8 adders
  3 worms
  3 dart slugs
  84 orcs
  6 endoplasms
  2 giant cockroaches (D:4)
  2 goblins
  6 hobgoblins
  10 jackals
  6 kobolds
  5 quokkas
  3 ball pythons
  3 bats
  5 frilled lizards
  2 goblin zombies (Ossuary)
  3 hobgoblin zombies (Ossuary)
  A kobold zombie (Ossuary)
  An orc zombie (Ossuary)
  A rat (D:1)
  A butterfly (Lair:1)
709 creatures vanquished.

Vanquished Creatures (others)
  A komodo dragon (shapeshifter) (D:9)
1 creature vanquished.

Grand Total: 710 creatures vanquished

Notes
Turn   | Place    | Note
-------+----------+-------------------------------------------
     0 | D:1      | mortress the Merfolk Shapeshifter began the quest for the
                  | Orb.
     0 | D:1      | Reached XP level 1. HP: 15/15 MP: 1/1
   280 | D:1      | Reached XP level 2. HP: 20/21 MP: 2/2
   728 | D:2      | Noticed Natasha
   742 | D:1      | Killed Natasha
   743 | D:1      | Reached XP level 3. HP: 22/27 MP: 3/3
   754 | D:1      | Noticed Natasha
   765 | D:1      | Killed Natasha
   766 | D:1      | Reached XP level 4. HP: 16/33 MP: 4/4
  1300 | D:1      | Noticed Natasha
  1313 | D:1      | Killed Natasha
  1703 | D:2      | Reached XP level 5. HP: 36/39 MP: 5/5
  1987 | D:2      | Reached skill level 5 in Shapeshifting
  2002 | D:2      | Found a faded altar of an unknown god.
  2271 | D:3      | Found Silyfrol's Assorted Antiques.
  2279 | D:3      | Bought a scroll labelled OHOTZI HOC for 19 gold pieces
  2279 | D:3      | Bought a dark potion for 17 gold pieces
  2416 | D:3      | Found Qaepio's Book Shop.
  2942 | D:4      | Noticed an ogre
  2978 | D:4      | Found a large runed translucent door.
  2981 | D:4      | Found a large runed translucent door.
  2983 | D:4      | Noticed arthad's ghost (amateur DjSh)
  2993 | D:4      | Identified the +3 leather armour of the Vestibule of Hell
                  | {rF+}
  3090 | D:4      | Reached XP level 6. HP: 44/47 MP: 6/6
  3163 | D:4      | Found a staircase to the Ecumenical Temple.
  3196 | Temple   | Entered the Ecumenical Temple
  3204 | Temple   | Became a worshipper of the Wu Jian Council
  3309 | D:4      | Reached skill level 1 in Shields
  3350 | D:4      | Reached skill level 5 in Dodging
  3595 | D:5      | Entered Level 5 of the Dungeon
  3619 | D:5      | Found a stormy altar of Qazlal.
  3660 | D:5      | Reached XP level 7. HP: 53/53 MP: 7/7
  3685 | D:5      | Reached skill level 5 in Unarmed Combat
  3705 | D:5      | Noticed Dowan
  3709 | D:5      | Noticed Duvessa
  3724 | D:5      | Killed Duvessa
  3729 | D:5      | Killed Dowan
  3730 | D:5      | Reached skill level 6 in Shapeshifting
  3787 | D:5      | Found a sand-covered staircase.
  3793 | Ossuary  | Entered an ossuary
  3916 | Ossuary  | Reached XP level 8. HP: 61/61 MP: 8/8
  3978 | Ossuary  | Reached * piety under Wu Jian
  4056 | Ossuary  | Reached skill level 5 in Fighting
  4187 | Ossuary  | Reached skill level 7 in Shapeshifting
  4348 | Ossuary  | Reached XP level 9. HP: 55/68 MP: 9/9
  4547 | D:5      | Reached ** piety under Wu Jian
  5109 | D:6      | Found Akhuf's Book Shoppe.
  5193 | D:6      | Found Ryophemo's Magic Scroll Emporium.
  5206 | D:6      | Bought a scroll of identify for 22 gold pieces
  5206 | D:6      | Bought a scroll of blinking for 82 gold pieces
  5254 | D:6      | Identified the +0 scale mail of Fossul {rN+ Int+2}
  5819 | D:7      | Found a burning altar of Makhleb.
  5874 | D:7      | Reached skill level 8 in Shapeshifting
  6025 | D:7      | Reached skill level 5 in Shields
  6046 | D:7      | Found a hide-covered altar of Uskayaw.
  6133 | D:7      | Found a snail-covered altar of Cheibriados.
  6202 | D:7      | Found Qeqiex's General Store.
  6208 | D:7      | Bought a potion of resistance for 130 gold pieces
  6208 | D:7      | Bought a potion of berserk rage for 65 gold pieces
  6672 | D:8      | Found a radiant altar of Vehumet.
  6709 | D:8      | Reached XP level 10. HP: 69/77 MP: 10/10
  6753 | D:8      | Noticed Gastronok
  6792 | D:8      | Killed Gastronok
  6793 | D:8      | Reached skill level 9 in Shapeshifting
  7147 | D:8      | Reached *** piety under Wu Jian
  7600 | D:9      | Reached skill level 10 in Dodging
  7616 | D:9      | Found a staircase to the Orcish Mines.
  7639 | D:9      | Reached XP level 11. HP: 86/86 MP: 11/11
  7727 | D:9      | Found a shadowy altar of Dithmenos.
  7747 | D:9      | Reached skill level 10 in Shapeshifting
  7808 | D:9      | Paralysed by a hornet for 3 turns
  7822 | D:9      | Found a hazy altar of Hepliaklqana.
  7935 | D:9      | Identified the +6 sling of Jilluem {elec, Stlth+}
  7940 | D:9      | Noticed Jeremiah
  8004 | D:9      | Found a staircase to the Lair.
  8101 | D:9      | Noticed a centaur warrior
  8101 | D:9      | Noticed a catoblepas
  8169 | D:9      | Noticed a deep elf pyromancer
  8180 | D:9      | Killed a deep elf pyromancer
  8208 | D:9      | Killed a centaur warrior
  8279 | D:9      | Killed a catoblepas
  8429 | D:9      | Noticed Harold
  8446 | D:9      | Killed Harold
  8506 | D:9      | Killed Jeremiah
  8506 | D:9      | Reached **** piety under Wu Jian
  8681 | D:10     | Entered Level 10 of the Dungeon
  8925 | D:10     | Found a glowing golden altar of the Shining One.
  8978 | D:10     | Reached skill level 10 in Unarmed Combat
  8981 | D:10     | Reached skill level 11 in Shapeshifting
  9108 | D:10     | Reached XP level 12. HP: 96/96 MP: 12/12
  9470 | D:10     | Reached skill level 10 in Fighting
  9498 | D:10     | Noticed a two-headed ogre
  9501 | D:10     | Killed a two-headed ogre
 10011 | Orc:1    | Entered Level 1 of the Orcish Mines
 10020 | Orc:1    | Noticed an orc warlord
 10049 | Lair:1   | Entered Level 1 of the Lair of Beasts
 10264 | D:9      | Reached skill level 12 in Shapeshifting
 10571 | Lair:1   | Identified the +6 hand axe of Nice Resourcefulness {drain,
                  | rC+ rN++}
 11135 | Lair:2   | Found a gate leading to a gauntlet.
 11152 | Gauntlet | Entered a Gauntlet
 11152 | Gauntlet | Found a transporter.
 11152 | Gauntlet | Found a transporter.
 11155 | Gauntlet | Found a transporter.
 11155 | Gauntlet | Found a transporter.
 11159 | Gauntlet | Found a transporter.
 11159 | Gauntlet | Found a transporter.
 11192 | Gauntlet | Found a transporter.
 11196 | Gauntlet | Found a transporter.
 11204 | Gauntlet | Found a transporter.
 11224 | Gauntlet | Found a transporter.
 11241 | Gauntlet | Found a transporter.
 11245 | Gauntlet | Found a transporter.
 11332 | Gauntlet | Reached XP level 13. HP: 106/106 MP: 13/13
 11379 | Gauntlet | Identified the ring "Hereit" {Ice Will+}
 11450 | Gauntlet | Noticed a minotaur
 11469 | Gauntlet | Killed a minotaur
 11476 | Gauntlet | Got a torn book
 11657 | Lair:2   | Reached skill level 10 in Shields
 11699 | Lair:2   | Reached skill level 1 in Evocations
 11747 | Lair:2   | Found a hole to the Spider Nest.
 11754 | Lair:2   | Reached skill level 13 in Shapeshifting
 11949 | Lair:2   | Reached ***** piety under Wu Jian
 12562 | Lair:3   | Reached skill level 5 in Evocations
 12562 | Lair:3   | Reached skill level 14 in Shapeshifting
 12562 | Lair:3   | Reached XP level 14. HP: 114/114 MP: 14/14
 12836 | Lair:3   | Found a staircase to the Shoals.
 12909 | Lair:3   | Learned a level 3 spell: Call Canine Familiar
 13219 | Lair:3   | Noticed Josephine
 13227 | Lair:3   | Killed Josephine
 13233 | Lair:3   | Reached skill level 1 in Summonings
 13550 | Lair:4   | Reached skill level 1 in Spellcasting
 13621 | Lair:4   | Reached XP level 15. HP: 60/121 MP: 17/17
 14095 | Lair:4   | Reached skill level 15 in Shapeshifting
 14608 | Lair:5   | Entered Level 5 of the Lair of Beasts
 14705 | Lair:5   | Identified the +4 quarterstaff of the Ghostly God {spect,
                  | rN+}
 15044 | Lair:5   | Found a runed translucent door.
 15249 | Lair:5   | Found a viscous altar of Jiyva.
 15257 | Lair:5   | Found a staircase to the Slime Pits.
 15287 | Lair:5   | Reached ****** piety under Wu Jian
 15502 | Lair:5   | Found a burning altar of Makhleb.
 15607 | Lair:5   | Found a gateway to Hell.
 15614 | Lair:5   | Identified the +4 dagger "Wyoph" {venom, Str+2}
 15818 | Lair:5   | Found a runed translucent gate.
 15818 | Lair:5   | Found a runed translucent gate.
 15818 | Lair:5   | Found a runed translucent gate.
 15818 | Lair:5   | Noticed zenocrate's ghost (journeyman KoEn)
 16316 | Orc:1    | Noticed Urug
 16318 | Orc:1    | Killed an orc warlord
 16320 | Orc:1    | Killed Urug
 16569 | Orc:1    | Noticed an orc warlord
 16590 | Orc:1    | Killed an orc warlord
 16879 | Orc:1    | Noticed Erica
 16891 | Orc:1    | Killed Erica
 17029 | Orc:2    | Entered Level 2 of the Orcish Mines
 17085 | Orc:2    | Reached XP level 16. HP: 130/130 MP: 22/22
 17452 | Orc:2    | Reached skill level 5 in Summonings
 17593 | Orc:2    | Noticed Rupert
 17595 | Orc:2    | Paralysed by Rupert for 3 turns
 17602 | Orc:2    | Killed Rupert
 17688 | Orc:2    | Found a staircase to the Elven Halls.
 17800 | Orc:2    | Found Veesykefu's Assorted Antiques.
 17800 | Orc:2    | Found Suajosid's Antique Weapon Boutique.
 17800 | Orc:2    | Found Zocuscho's Magic Scroll Shop.
 17803 | Orc:2    | Found Faecs's Armour Emporium.
 17807 | Orc:2    | Bought a potion of might for 120 gold pieces
 17807 | Orc:2    | Bought a scroll labelled AKOYCA CUFYT for 30 gold pieces
 17807 | Orc:2    | Bought a potion of curing for 90 gold pieces
 17807 | Orc:2    | Bought a scroll labelled AKOYCA CUFYT for 30 gold pieces
 17810 | Orc:2    | Bought a scroll of enchant weapon for 97 gold pieces
 17810 | Orc:2    | Bought a scroll of fog for 52 gold pieces
 17810 | Orc:2    | Bought a scroll of blinking for 97 gold pieces
 18168 | Shoals:1 | Entered Level 1 of the Shoals
 18525 | Shoals:1 | Reached skill level 5 in Spellcasting
 18668 | Shoals:1 | Reached skill level 16 in Shapeshifting
 18795 | Shoals:1 | Found Hoanepne's Assorted Antiques.
 19255 | Shoals:2 | Noticed Polyphemus
 19260 | Shoals:1 | Killed Polyphemus
 20363 | Shoals:3 | Identified the +1 robe of Orthodoxy {rF+ SInv}
 20467 | Shoals:3 | Found a flickering gateway to a bazaar.
 20489 | Shoals:3 | Learned a level 3 spell: Summon Guardian Golem
 20492 | Bazaar   | Entered a bazaar
 20494 | Bazaar   | Found Rapuawn's Weapon Boutique.
 20498 | Bazaar   | Found Jueriops's Antique Weapon Boutique.
 20498 | Bazaar   | Found Losmonk's Antique Armour Boutique.
 20499 | Bazaar   | Found Tepreaji's Armour Boutique.
 20756 | Shoals:3 | Reached XP level 17. HP: 139/139 MP: 25/25
 20937 | Shoals:3 | Mangled by a merfolk impaler

Illustrated notes

Levels and vault maps discovered:
D:1:      evilmike_arrival_crescent, layout_basic, serial_corexii_hall,
          chequers_hall_statues_y, corexii_hall_statues_s
D:2:      layout_basic, shapermc_ecumenical_altar_mp_vishouse, uniq_natasha
D:3:      layout_loops_ring, serial_shops, nicolae_square_shop,
          nicolae_shop_hallway_plus
D:4:      layout_cave_pools, minmay_temple_entry_tees,
          ebering_ghost_disaster_area, kennysheep_small_circle
D:5:      layout_loops_ring, nicolae_qazlal_general_emergency,
          nicolae_ossuary_entry_plus, uniq_duvessa
D:6:      layout_basic, serial_shops, shop, shop
D:7:      layout_loops_cross, makhleb_heckhound_becter,
          nicolae_uskayaw_suspiria, slow_altar_1, serial_shops,
          nicolae_shop_stone
D:8:      layout_basic, vehumet_statue, hangedman_decor_growths, uniq_gastronok
D:9:      minmay_chambers_of_sevens, layout_basic,
          nicolae_dithmenos_shadow_blocks, nicolae_overflow_crystal_walls,
          david_lair_shrubbed, uniq_harold, uniq_jeremiah
D:10:     layout_loops_corners, lemuel_doored_altar,
          chequers_serial_rivers_micro_c, minmay_beelzebubs_servants
D:11:     layout_small_grid, enter_trove_6
Temple:   dpeg_chambers_temple
Lair:1:   layout_small_grid, nicolae_lair_grazing_beasts
          [nicolae_sub_lair_graze_edge, nicolae_sub_lair_graze_edge,
          nicolae_sub_lair_graze_edge, nicolae_sub_lair_graze_edge],
          lemuel_fruit_fields
Lair:2:   layout_misc_corridors, nicolae_spider_entry_lesser_pyramids,
          gauntlet_entry_generic, serial_bayou_pond_b
Lair:3:   layout_cave_pods, shoals_dummy_entry, chequers_serial_rivers_micro_b,
          grunt_megastairs_2, uniq_josephine
Lair:4:   layout_roguey, pdpol_lair_cavern_descent
Lair:5:   evil_forest, layout_loops_ring, slime_entry_1,
          ebering_ghost_rock_garden, pdpol_lair_cabin_in_the_woods
Shoals:1: layout_shoals, serial_shops, shop
Shoals:2: layout_shoals, nicolae_shoals_arrival_archipelago, uniq_polyphemus
Shoals:3: layout_shoals, serial_shops, bzr_entry_gold, nicolae_shoals_gull_way
Orc:1:    layout_caves, basic_altar, special_room [special_room_orc],
          mines2_lemuel, uniq_urug, uniq_erica
Orc:2:    st_orc_rangers, layout_caves, uniq_rupert

Skill      XL: |  1  2  3  4  5  6  7  8  9 10 11 12 13 14 15 16 17 |
---------------+----------------------------------------------------+-----
Dodging        | 3 4 5 7 8 10 11 12 13 14 | 14.9
Fighting       | 2 3 4 5 6 8 9 11 12 13 14 | 14.1
Unarmed Combat | 4 5 6 7 8 10 11 12 13 14 | 14.2
Shapeshifting  | 5 6 7 8 9 11 12 14 15 16 | 16.4
Shields        | 1 2 4 5 6 8 9 10 | 10.0
Evocations     | 5 6 7 9 |  9.0
Summonings     | 1 4 6 |  6.0
Spellcasting   | 1 4 5 6 |  6.0

Action                     |  1- 3 |  4- 6 |  7- 9 | 10-12 | 13-15 | 16-18 || total
---------------------------+-------+-------+-------+-------+-------+-------++-------
  Melee: Unarmed           |    44 |   152 |   484 |   502 |   672 |   403 ||  2257
         Punch             |     1 |     2 |       |       |       |       ||     3
         Constrict         |       |       |       |    77 |   133 |    95 ||   305
  Throw: Throwing net      |       |       |     1 |       |       |       ||     1
   Cast: Call Canine Famil |       |       |       |       |     1 |     3 ||     4
 Invoke: Serpent's Lash    |       |       |       |     7 |    11 |    10 ||    28
         Heavenly Storm    |       |       |       |       |     1 |     2 ||     3
Ability: Lunge             |       |     4 |    26 |    43 |    46 |    55 ||   174
         Whirlwind         |       |       |    32 |    58 |    55 |    34 ||   179
         Wall Jump         |       |       |     4 |     1 |    14 |     2 ||    21
  Evoke: Wand              |       |       |       |       |     1 |     8 ||     9
         Lightning rod     |       |       |       |       |     1 |       ||     1
    Use: Potion            |       |     1 |       |       |     4 |     1 ||     6
         Scroll            |       |       |     5 |     7 |     6 |     1 ||    19
   Stab: Sleeping          |       |     7 |       |     3 |     3 |       ||    13
         Distracted        |       |       |       |       |     2 |       ||     2
         Invisible         |       |       |       |       |     1 |       ||     1
 Armour: Animal skin       |    21 |    39 |       |       |       |       ||    60
         Leather armour    |       |    19 |   200 |    63 |       |       ||   282
         Skin              |       |     1 |       |   229 |   362 |   335 ||   927
  Dodge: Dodged            |    27 |    67 |   228 |   341 |   386 |   354 ||  1403
  Block: Buckler           |       |     9 |    38 |       |       |       ||    47
         Form:             |       |       |     1 |       |     1 |       ||     2
         Flux              |       |       |     1 |       |       |       ||     1
         Anaconda          |       |       |       |     1 |     1 |       ||     2

Table legend: (Time is in decaauts)
 A = Elapsed time spent in this place.
 B = Non-inter-level travel time spent in this place.
 C = Inter-level travel time spent in this place.
 D = Time resting spent in this place.
 E = Time spent auto-exploring this place.
 F = Levels seen in this place.
 G = Mean time per level.
                   A        B        C        D        E       F      G
               +--------+--------+--------+--------+--------+-----+--------+
         Total |  20679 |  19517 |   1162 |   1566 |  13184 |  25 |  827.2 |
       Dungeon |   9584 |   8882 |    702 |    691 |   6022 |  11 |  871.3 |
        Temple |     16 |     16 |      0 |      0 |      0 |   1 |   16.0 |
          Lair |   5498 |   5204 |    294 |    230 |   3978 |   5 | 1099.6 |
        Shoals |   2689 |   2639 |     50 |    262 |   1865 |   3 |  896.3 |
  Orcish Mines |   1770 |   1656 |    114 |    359 |    839 |   2 |  885.0 |
        Bazaar |     32 |     32 |      0 |      0 |     22 |   1 |   32.0 |
       Ossuary |    590 |    590 |      0 |      0 |    165 |   1 |  590.0 |
      Gauntlet |    496 |    496 |      0 |     23 |    293 |   1 |  496.0 |
               +--------+--------+--------+--------+--------+-----+--------+

Top non-repeatable levels by time:
     D:1: 1626 daAuts
  Lair:5: 1479 daAuts
     D:9: 1437 daAuts
     D:8: 1194 daAuts
    D:10: 1168 daAuts
  Lair:4: 1167 daAuts
Shoals:1: 1099 daAuts
Shoals:2: 1045 daAuts
  Lair:3: 1006 daAuts
  Lair:2: 988 daAuts
   Orc:1: 923 daAuts
  Lair:1: 856 daAuts
     D:5: 848 daAuts
   Orc:2: 847 daAuts
     D:7: 729 daAuts
